 Dungeon Crawl Stone Soup version 0.27.1-33-g824d729ab1 (webtiles) character file.

Game seed: 18163017443990793238

2 zeram the Sneak (level 1, -1/10 HPs)
             Began as a Spriggan Brigand on Dec 4, 2021.
             Frozen to death by an endoplasm (5 damage)
             ... on level 1 of the Dungeon.
             The game lasted 00:01:09 (132 turns).

zeram the Sneak (Spriggan Brigand)                   Turns: 132, Time: 00:01:10

Health: -1/10      AC:  3    Str:  7    XL:     1   Next: 25%
Magic:  2/2        EV: 16    Int: 12    God:
Gold:   13         SH:  0    Dex: 16    Spells: 0/0 levels left

rFire    . . .     SeeInvis +   i - +3 dagger
rCold    . . .     Faith    .   (shield restricted)
rNeg     . . .     Spirit   .   b - +0 robe
rPois    .         Reflect  .   (helmet restricted)
rElec    .         Harm     .   c - +0 cloak
rCorr    .         Rampage  .   (gloves unavailable)
Will     .....                  (boots unavailable)
Stlth    +++.......             (no amulet)
HPRegen  0.03/turn              (no ring)
MPRegen  0.08/turn              (no ring)

@: very quick
A: very small, no large weapons, unfitting armour, see invisible, speed 3
a: no special abilities


You were on level 1 of the Dungeon.
You visited 1 branch of the dungeon, and saw 1 of its levels.

You collected 13 gold pieces.

Inventory:

Hand Weapons
 a - a +2 dagger
 i - a +3 dagger (weapon)
Missiles
 d - 6 poisoned darts (quivered)
 e - 2 curare-tipped darts
Armour
 b - a +0 robe (worn)
 c - a +0 cloak (worn)
Scrolls
 f - a scroll of identify {unknown}
 h - a scroll of brand weapon {unknown}
Potions
 g - a potion of curing {unknown}


   Skills:
 + Level 1.5 Fighting
 + Level 2.1 Short Blades
 + Level 2.0 Throwing
 + Level 1.3 Dodging
 + Level 6.0 Stealth


You couldn't memorise any spells.
You didn't know any spells.
Your spell library was empty.

Dungeon Overview and Level Annotations

Branches:
Dungeon (1/15)

Altars:


Innate Abilities, Weirdness & Mutations

You are very small and have problems with some larger weapons.
You are too small for most types of armour.
You have supernaturally acute eyesight. (SInv)
You cover ground extremely quickly. (Speed+++)


Message History

There is an open door here.
An endoplasm is nearby!
An endoplasm is nearby!
An endoplasm is nearby!
You see here a +0 ring mail.
You see here a +3 dagger.
i - a +3 dagger
i - a +3 dagger (weapon)
There is an open door here.
An endoplasm is nearby!
An endoplasm is nearby!
An endoplasm is nearby!
The endoplasm quivers.
A bat comes into view.
You barely miss the endoplasm. The endoplasm barely misses you.
You hit the endoplasm.
The endoplasm is severely wounded.
The endoplasm freezes you.
You are frozen.
You hit the endoplasm but do no damage.
The endoplasm is severely wounded.
The endoplasm hits you but does no damage.
You hit the endoplasm.
The endoplasm is almost dead.
The endoplasm freezes you.
You are frozen.
Throw: 8 darts (poison)
Press: ? - help, Q - select action, (/) - cycle Shift-Dir - straight line, f - endoplasm
Aim: an endoplasm (almost dead, 86% to hit)
You throw a poisoned dart.
The poisoned dart barely misses the endoplasm.
Throw: 7 darts (poison)
Press: ? - help, Q - select action, (/) - cycle Shift-Dir - straight line, f/p - endoplasm
Aim: an endoplasm (almost dead, 86% to hit)
You throw a poisoned dart. The poisoned dart hits the endoplasm.
The endoplasm is almost dead.
The endoplasm freezes you.
You are frozen.
Ouch! That really hurt!
You die...

............##.# .#
............##.#####.#
............##.......#
............##....)..#
............##[......#
...........###.......#
###.. ##'####.# #...#
# #..@## #
#...J##.#####
#$...........
#............
#............
#...#........
#...#........
#...#.....(..
#...#b..#####


You could see an endoplasm.

Vanquished Creatures
  A ball python (D:1)
  A rat (D:1)
2 creatures vanquished.

Notes
Turn   | Place    | Note
-------+----------+-------------------------------------------
     0 | D:1      | zeram the Spriggan Brigand began the quest for the Orb.
     0 | D:1      | Reached XP level 1. HP: 10/10 MP: 2/2
    28 | D:1      | Reached skill level 6 in Stealth
   132 | D:1      | Frozen to death by an endoplasm

Illustrated notes

Levels and vault maps discovered:
D:1:      lightli_arrival_statue_moat, layout_basic,
          hellmonk_ecumenical_altar_prayer_group

Skill      XL: |  1 |
---------------+----+-----
Stealth        | 6 |  6.0
Fighting       | |  1.5
Short Blades   | |  2.1
Throwing       | |  2.0
Dodging        | |  1.3

Action                   || total
-------------------------++-------
Melee: Dagger            ||     6
Throw: Dart              ||     2
 Stab: Sleeping          ||     1
Armor: Robe              ||     1
Dodge: Dodged            ||     1
